 Dungeon Crawl Stone Soup version 0.30.0 (webtiles) character file.

Game seed: 10795159641345483228

3212 Exaltedone87 the Cleaver (level 9, 0/121 HPs)
             Began as a White Draconian Berserker on May 6, 2023.
             Was a Priest of Trog.
             Slain by a wyvern (11 damage)
             ... on level 7 of the Dungeon.
             The game lasted 00:13:23 (6587 turns).

Exaltedone87 the Cleaver (DrBe)                     Turns: 6587, Time: 00:13:23

Health: 0/121      AC: 10    Str: 22    XL:     9   Next: 65%
Magic:  0/9        EV: 14    Int:  9    God:    Trog [***...]
Gold:   600        SH:  0    Dex: 11    Spells: 8/8 levels left

rFire   + . .        a - +0 hand axe
rCold   + . .        (no shield)
rNeg    . . .        (body armour unavailable)
rPois   .            (helmet restricted)
rElec   .            n - +1 cloak {Stlth+}
rCorr   .            (no gloves)
SInv    .            p - +0 pair of boots
Will    .....        f - amulet of guardian spirit Stlth
                     s - ring of protection from fire
HPRegen 0.40/turn    (no ring)
MPRegen 0.11/turn

%: guardian spirit
@: berserking, very quick
A: breathe frost, AC +7, unfitting armour, cold resistance 1, cold-blooded
a: Breathe Frost, Renounce Religion, Berserk, Trog's Hand


You were on level 7 of the Dungeon.
You worshipped Trog.
Trog was most pleased with you.
You visited 2 branches of the dungeon, and saw 8 of its levels.

You collected 600 gold pieces.

Inventory:

Hand Weapons
 a - a +0 hand axe (weapon)
 o - a +1 flail of protection
Missiles
 q - 2 throwing nets (quivered)
Armour
 n - a +1 cloak of stealth (worn)
 p - a +0 pair of boots (worn)
Jewellery
 f - an amulet of guardian spirit (around neck)
 s - a ring of protection from fire (left hand)
Wands
 l - a wand of iceblast (3)
 m - a wand of quicksilver (4)
 u - a wand of mindburst (18)
Scrolls
 b - 7 scrolls of identify
 c - 4 scrolls of teleportation
 r - a scroll of summoning {unknown}
 t - a scroll of noise {unknown}
 v - a scroll of enchant armour
 x - 2 scrolls of poison {unknown}
Potions
 d - a potion of flight {unknown}
 e - a potion of haste {unknown}
 g - 2 potions of mutation {unknown}
 h - 4 potions of degeneration {unknown}
 i - a potion of resistance
 j - 3 potions of invisibility
 k - 6 potions of curing {unknown}
 w - 3 potions of lignification {unknown}


   Skills:
 + Level 8.2 Fighting
 * Level 10.2 Axes
 + Level 6.8 Dodging


You had 8 spell levels left.
You didn't know any spells.
Your spell library was empty.

Dungeon Overview and Level Annotations

Branches:
Dungeon (7/15)             Temple (1/1) D:7

Altars:
Ashenzari
Cheibriados
Elyvilon
Fedhas
Gozag
Hepliaklqana
Kikubaaqudgha
Nemelex Xobeh
Okawaru
Qazlal
Ru
Sif Muna
Trog
Uskayaw
Vehumet
Wu Jian
Xom
Yredelemnul
Zin
The Shining One

Shops:
D:3 [   D:4 :   D:5 [


Innate Abilities, Weirdness & Mutations

You can breathe waves of freezing cold which knock back foes.
Your icy white scales are hard. (AC +7)
You cannot fit into any form of body armour.
Your flesh is cold resistant. (rC+)
You are cold-blooded and may be slowed by cold attacks.


Message History

You hit the wyvern. The wyvern barely misses you.
You slash the orc wizard!
You kill the orc wizard!
Trog accepts your kill.
Trog appreciates your killing of a magic user.
You hit the orc priest. You barely miss the wyvern.
The wyvern bites you but does no damage.
The orc priest hits you but does no damage.
The wyvern bites you but does no damage.
You closely miss the wyvern.
Your tail-slap misses the wyvern.
The wyvern is lightly wounded.
You completely miss the orc priest.
The orc priest invokes the aid of Beogh against you.
Pain shoots through your body! The wyvern bites you!
You hit the wyvern.
The wyvern is moderately wounded.
You slash the orc priest!
You kill the orc priest!
Trog accepts your kill. The wyvern closely misses you.
The wyvern closely misses you.
Things that are here:
a +0 dagger; a +0 ring mail You hit the wyvern.
The wyvern is moderately wounded.
The wyvern bites you!
* * * LOW HITPOINT WARNING * * *
The wyvern bites you!
* * * LOW HITPOINT WARNING * * *
You slash the wyvern!
Your tail-slap misses the wyvern.
The wyvern is severely wounded.
The wyvern closely misses you.
You hit the wyvern but do no damage.
The wyvern is severely wounded.
The wyvern bites you!
* * * LOW HITPOINT WARNING * * *
Okay, then.
A red film seems to cover your vision as you go berserk!
You feel yourself moving faster!
You feel mighty! The wyvern bites you!
You die...

...........#
...........#
...........#
...........#
...........# ###
...........# ######...
...........#####........
.......@)...............
.......l....))..........
....##+####.............
###### ...
#............. .....# .
#..........## .....##
#..........+ ......#
###+####..........#
......#
#.................#
......#
#.......#####))...#


You could see a wyvern.

Vanquished Creatures
  The ghost of jujuben the Cutter, a novice KoEn (D:5)
  Grinder (D:3)
  A hornet (D:7)
  Sigmund (D:6)
  Eustachio (D:6)
  2 water moccasins
  2 ice beasts
  2 black bears
  An ogre (D:6)
  2 centaurs (D:7)
  4 scorpions
  10 wights (D:7)
  A hound (D:5)
  5 orc priests
  Crazy Yiuf (D:3)
  4 jellies
  A sleepcap (D:5)
  An iguana (D:7)
  8 orc wizards
  3 adders
  3 gnolls (D:5)
  A shadow imp (D:6)
  2 worms
  3 dart slugs
  36 orcs
  2 bats (D:1)
  9 endoplasms
  5 giant cockroaches
  5 goblins
  9 hobgoblins
  2 quokkas
  4 ball pythons
  3 frilled lizards
  7 kobolds
  A rat (D:3)
144 creatures vanquished.

Notes
Turn   | Place    | Note
-------+----------+-------------------------------------------
     0 | D:1      | Exaltedone87 the Draconian Berserker began the quest for
                  | the Orb.
     0 | D:1      | Reached XP level 1. HP: 19/19 MP: 1/1
   179 | D:1      | Reached XP level 2. HP: 26/26 MP: 2/2
   752 | D:2      | Reached XP level 3. HP: 28/33 MP: 3/3
   855 | D:2      | Reached ** piety under Trog
  1218 | D:3      | Found Zitzeh's Armour Shop.
  1274 | D:3      | Reached skill level 4 in Axes
  1286 | D:3      | Reached XP level 4. HP: 8/40 MP: 2/4
  1634 | D:3      | Noticed Grinder
  1645 | D:3      | Killed Grinder
  1646 | D:3      | Reached skill level 5 in Axes
  1646 | D:3      | Reached XP level 5. HP: 34/47 MP: 2/5
  1646 | D:3      | Reached XP level 6. HP: 38/53 MP: 2/6
  1857 | D:3      | Found a runed translucent door.
  1858 | D:3      | Noticed Crazy Yiuf
  1994 | D:3      | Killed Crazy Yiuf
  2145 | D:4      | Found Hyxtiuth's Book Shop.
  2184 | D:4      | Found a sparkling altar of Nemelex Xobeh.
  2536 | D:4      | Identified the +2 kite shield of Mutualism {*Corrode Int+6}
  2844 | D:5      | Entered Level 5 of the Dungeon
  2848 | D:5      | Reached skill level 5 in Fighting
  2949 | D:5      | Reached skill level 6 in Axes
  2949 | D:5      | Your scales start taking on an icy white colour.
  2949 | D:5      | Reached XP level 7. HP: 25/61 MP: 2/7
  2949 | D:5      | Gained mutation: Your flesh is cold resistant. (rC+) [White
                  | Draconian growth]
  3123 | D:5      | Found Suoxtif's Armour Emporium.
  3694 | D:5      | Found a runed translucent door.
  3699 | D:5      | Noticed jujuben's ghost (novice KoEn)
  3890 | D:5      | Reached skill level 7 in Axes
  4063 | D:5      | Killed jujuben's ghost
  4064 | D:5      | Reached skill level 5 in Dodging
  4064 | D:5      | Reached XP level 8. HP: 70/70 MP: 6/8
  4459 | D:6      | Reached *** piety under Trog
  4519 | D:6      | Reached skill level 8 in Axes
  5016 | D:6      | Noticed Eustachio
  5033 | D:6      | Killed Eustachio
  5157 | D:6      | Noticed Sigmund
  5164 | D:6      | Killed Sigmund
  5584 | D:7      | Found an opulent altar of Gozag.
  5585 | D:7      | Found a hazy altar of Hepliaklqana.
  5586 | D:7      | Found a shimmering blue altar of Sif Muna.
  5586 | D:7      | Found an iron altar of Okawaru.
  5611 | D:7      | Reached XP level 9. HP: 68/79 MP: 9/9
  5716 | D:7      | Reached skill level 9 in Axes
  5830 | D:7      | Paralysed by a hornet for 1 turns
  6111 | D:7      | Found a staircase to the Ecumenical Temple.
  6131 | Temple   | Entered the Ecumenical Temple
  6371 | D:7      | Found a glowing golden altar of the Shining One.
  6503 | D:7      | Reached skill level 10 in Axes
  6587 | D:7      | Slain by a wyvern

Illustrated notes

Levels and vault maps discovered:
D:1:      dpeg_arrival_central, layout_basic
D:2:      layout_rooms
D:3:      layout_loops_ring, serial_shops, nicolae_shop_peninsula,
          uniq_crazy_yiuf_cottage, uniq_grinder
D:4:      cheibrodos_pilgrimage, layout_cave_pools, nemelex_spade_bored_becter,
          serial_shops, kennysheep_mini_moat
D:5:      layout_loops_ring, ebering_ghost_reflecting_pool, serial_shops,
          nicolae_shop_tiny_glass, minivault_19, nicolae_fountain_basement
D:6:      layout_layer_cave, uniq_eustachio, uniq_sigmund
D:7:      layout_gridville, mainiacjoe_overflow_alcove_3,
          general_overflow_altar, temple_statues
Temple:   nicolae_temple_two_arcs

Skill      XL: |  1  2  3  4  5  6  7  8  9 |
---------------+----------------------------+-----
Dodging        | 3 4 5 6 |  6.8
Axes           | 4 5 6 7 8 10 | 10.2
Fighting       | 4 5 6 7 8 |  8.2

Action                     |  1- 3 |  4- 6 |  7- 9 || total
---------------------------+-------+-------+-------++-------
  Melee: Hand axe          |   123 |   114 |   342 ||   579
         Tailslap          |     8 |    15 |    54 ||    77
         Punch             |     1 |       |     7 ||     8
 Invoke: Berserk           |       |     5 |     6 ||    11
         Trog's Hand       |       |     1 |     2 ||     3
Ability: Breathe Frost     |       |       |     1 ||     1
    Use: Scroll            |     6 |     1 |       ||     7
   Stab: Sleeping          |       |     2 |     4 ||     6
 Armour: Skin              |    34 |    20 |   118 ||   172
  Dodge: Dodged            |    59 |    69 |   227 ||   355
